 Dungeon Crawl Stone Soup version 0.30.0-10-gfe55d96785 (webtiles) character file.

Game seed: 6763182612858493552

296810 Mahakala the Hoplite (level 20, -10/288 HPs)
             Began as a Minotaur Berserker on May 15, 2023.
             Was the Champion of Trog.
             Mangled by a cyclops (34 damage)
             ... on level 2 of the Vaults on May 16, 2023.
             The game lasted 02:33:31 (39720 turns).

Mahakala the Hoplite (Minotaur Berserker)          Turns: 39720, Time: 02:33:32

Health: -10/288    AC: 30    Str: 26    XL:     20   Next: 8%
Magic:  19/19      EV: 15    Int:  5    God:    Trog [******]
Gold:   4107       SH: 24    Dex: 13    Spells: 19/19 levels left

rFire   . . .        a - +8 mithril axe "Arga" {speed, Will+}
rCold   + . .        m - +0 tower shield {reflect}
rNeg    + . .        V - +2 plate armour {rPois}
rPois   +            j - +2 hat
rElec   .            H - +2 ratskin cloak {*Rats rPois rN+ Str-1 Int-1 Dex+1}
rCorr   .            f - +3 pair of gauntlets of War {Slay+5}
SInv    .            T - +0 pair of boots
Will    ++...        i - amulet of regeneration Stlth
                     p - ring of protection from cold
HPRegen 1.48/turn    R - +5 ring of evasion
MPRegen 0.16/turn

%: reflection
@: berserking, studying Shields, very quick
A: horns 2, retaliatory headbutt
}: 2/15 runes: decaying, serpentine
a: Renounce Religion, Berserk, Trog's Hand, Brothers in Arms


You were on level 2 of the Vaults.
You worshipped Trog.
Trog was exalted by your worship.
You visited 6 branches of the dungeon, and saw 32 of its levels.
You also visited: Sewer, Gauntlet and Ice Cave.

You collected 5470 gold pieces.
You spent 1363 gold pieces at shops.

Inventory:

Hand Weapons
 a - the +8 mithril axe "Arga" (weapon) {speed, Will+}
   (You acquired it on level 4 of the Lair of Beasts)

   Will:      It increases your willpower.
 b - the +7 broad axe of Pantheism {flame, rElec rC+}
   (Trog gifted it to you on level 12 of the Dungeon)

   rC:        It protects you from cold.
   rElec:     It insulates you from electricity.
Missiles
 e - 66 poisoned darts
 l - 17 javelins (quivered)
 o - 6 atropa-tipped darts {!f}
 y - 13 boomerangs
 D - 2 throwing nets {!f}
 N - 11 curare-tipped darts {!f}
 O - 8 silver javelins
Armour
 f - the +3 pair of gauntlets of War (worn) {Slay+5}
   (You found it in an ice cave)

   Slay:      It affects your accuracy & damage with ranged weapons and melee
   (+5).
 j - a +2 hat (worn)
 m - a +0 tower shield of reflection (worn)
 H - the +2 ratskin cloak (worn) {*Rats rPois rN+ Str-1 Int-1 Dex+1}
   (You found it on level 6 of the Dungeon)

   *Rats:     When the wearer is hurt, rats may emerge from it to assist them.
   Str:       It affects your strength (-1).
   Int:       It affects your intelligence (-1).
   Dex:       It affects your dexterity (+1).
   rPois:     It protects you from poison.
   rN:        It protects you from negative energy.
 T - a +0 pair of boots (worn)
 V - a +2 plate armour of poison resistance (worn)
Jewellery
 i - an amulet of regeneration (around neck)
 p - a ring of protection from cold (left hand)
 z - a ring of protection from fire
 K - the ring of Intercession {rPois Will+ Str-2 Slay+3}
   (You found it in a Gauntlet)

   [ring of poison resistance]

   Str:       It affects your strength (-2).
   Slay:      It affects your accuracy & damage with ranged weapons and melee
   (+3).
   rPois:     It protects you from poison.
   Will:      It increases your willpower.
 R - a +5 ring of evasion (right hand)
 U - a ring of resist corrosion
Wands
 c - a wand of mindburst (35)
 d - a wand of roots (39)
 t - a wand of flame (70)
 u - a wand of paralysis (10)
 v - a wand of digging (9)
 w - a wand of polymorph (26)
 x - a wand of light (26)
Scrolls
 h - 5 scrolls of fear
 n - 5 scrolls of blinking {@r3}
 q - 18 scrolls of teleportation {@r4}
 A - 5 scrolls of magic mapping
 E - 4 scrolls of fog
 F - 2 scrolls of enchant weapon
 G - 6 scrolls of immolation {!r}
 L - a scroll of butterflies
 P - 5 scrolls of vulnerability {!r}
 W - 5 scrolls of torment {!r}
 Y - 5 scrolls of enchant armour
 Z - 5 scrolls of poison
Potions
 g - 2 potions of resistance
 k - 6 potions of flight
 r - 16 potions of curing {@q1}
 s - 7 potions of invisibility
 C - 12 potions of heal wounds {@q2}
 I - 2 potions of cancellation
 J - 10 potions of attraction {!q}
 Q - 7 potions of haste {@q3}
 S - 8 potions of might
Miscellaneous
 B - a box of beasts
 M - a phial of floods
 X - a tin of tremorstones (2/2)


   Skills:
 + Level 19.6 Fighting
 - Level 18.0 Axes
 * Level 15.2 Throwing
 - Level 15.0 Armour
 - Level 6.0 Dodging
 + Level 25.4 Shields
 - Level 13.0 Evocations


You had 19 spell levels left.
You didn't know any spells.
Your spell library was empty.

Dungeon Overview and Level Annotations

Branches:
Dungeon (15/15)            Temple (0/1) D:4            Lair (5/5) D:8
  Swamp (4/4) Lair:2        Snake (4/4) Lair:2        Slime (0/5) Lair:4
    Orc (2/2) D:9             Elf (0/3) Orc:2        Vaults (2/5) D:13
 Depths (0/4) D:15          Sewer (visited)           IceCv (visited)
Gauntlet (visited)
  Crypt: Vaults:2-3

Altars:
Cheibriados
Dithmenos
Fedhas
Hepliaklqana
Kikubaaqudgha
Nemelex Xobeh
Okawaru
Ru
Sif Muna
Trog
Uskayaw
Vehumet
Wu Jian
Xom
The Shining One
Jiyva

Shops:
D:3 ?   D:8 :   D:15 =   Orc:2 ?*(:*   Snake:3 !   Vaults:2 [

Portals:
Pandemonium: Orc:2

Annotations:
D:7 1 transporter
Orc:1 3 runed translucent doors, Palms's ghost, journeyman TrFi; Whoops's ghost, novice DsFi; monsoonserge's ghost, journeyman MeFi
Vaults:2 1 transporter, 1 runed translucent door


Innate Abilities, Weirdness & Mutations

You have a pair of horns on your head.
You reflexively headbutt those who attack you in melee.


Message History

You slash the deep troll!
You kill the deep troll!
Trog accepts your kill.
You slash the deep troll!
You feel the power of Trog in you as your rage grows.
You kill the deep troll!
Trog accepts your kill.
Unknown command.
The moth of wrath goads the cyclops on!
The cyclops goes berserk!
The moth of wrath goads the deep troll on!
The deep troll goes berserk!
You slice the deep troll!!
The deep troll is moderately wounded.
You barely miss the cyclops. You block the deep troll's attack.
The deep troll claws you!
* * * LOW HITPOINT WARNING * * *
A river rat scurries out from under your cloak.
You block the deep troll's attack.
You slash the deep troll! You headbutt the deep troll!!
The deep troll is severely wounded.
You slice the cyclops!! The cyclops hits you!!!
* * * LOW HITPOINT WARNING * * *
You closely miss the deep troll.
The deep troll is severely wounded.
You slash the cyclops! You block the deep troll's attack.
The deep troll barely misses you. You block the deep troll's attack.
Unknown command.
You slice the deep troll!!
The deep troll is almost dead.
You slash the cyclops!
Your river rat bites the cyclops.
Unknown command.
You chop the deep troll into pieces!!!
You kill the deep troll!
Trog accepts your kill.
You slash the stone giant! You barely miss the cyclops.
Unknown command.
You slash the cyclops! You headbutt the cyclops!!
The cyclops is almost dead.
You hit the stone giant. The cyclops hits you!!
You die...

#....#y#...#y#$.... ####.#
#....###'[####$$...##....#
####.....##...###)![..##....#
...'....©##©÷!#©+_:)..##©...#
...#.....##...###[$?..##....#
...#....###''####$$...##....#
...#....#y#...#y#$r...#####.#
...#.######...###C.⌠..#°#y#.#
...#.# ##....@.....#####.#
####.# ##..C......#y# #.# #.#
############# #.# #.#
#°#ye...# #.# #.# #########
#.# #.# #.#
#.######################.#
#........................#
##########################


You could see a stone giant, 4 moths of wrath, a deep elf high priest, a cyclops
(berserk, ally target) and a friendly river rat.

Vanquished Creatures
  Mara (Snake:3)
  Vashnia (Snake:2)
  Zenata (Vaults:1)
  Jorgrun (D:14)
  A titan (Vaults:2)
  A sphinx (Vaults:1)
  A thorn hunter (Swamp:2)
  2 fenstrider witches
  6 nagarajas
  A fire giant (Vaults:1)
  Louise (Swamp:3)
  11 vault wardens
  3 orc warlords
  4 ghouls (Swamp:3)
  4 very ugly things
  3 ironbound thunderhulks
  9 ironbound preservers
  2 eleionomae
  A bunyip (Swamp:3)
  A minotaur (Gauntlet)
  12 dire elephants
  An ettin (Vaults:2)
  A deep elf high priest (Vaults:1)
  2 shambling mangroves
  5 yaktaur captains
  4 ice dragons (Swamp:4)
  Josephine (D:12)
  10 hydras
  A rakshasa (D:15)
  The ghost of Shadowmage952 the Carver, a journeyman AtRe of Hepliaklqana (D:11)
  2 caustic shrike simulacra (IceCv)
  A demonspawn (Orc:2)
  2 salamander tyrants (Snake:4)
  A great orb of eyes (Vaults:1)
  2 catoblepae
  6 vault guards
  4 ghost crabs
  An ogre mage (D:15)
  8 anacondas
  2 ironbound frosthearts (Vaults:2)
  A merfolk avatar (Swamp:3)
  7 boulder beetles
  12 centaur warriors
  8 alligators
  3 death yaks
  24 naga warriors
  9 two-headed ogres
  2 deep troll earth magi (Vaults:2)
  5 orc high priests (Orc:2)
  A death knight (D:14)
  3 tengu warriors
  Urug (Lair:2)
  2 soul eaters (Orc:2)
  5 shock serpents
  A sun demon (Orc:2)
  A fire crab (Lair:2)
  4 salamander mystics (Snake:4)
  17 naga sharpshooters
  3 skysharks
  Amaemon (D:10)
  5 goliath frogs
  4 swamp dragons
  2 bunyip zombies (Swamp:2)
  An obsidian statue (IceCv)
  3 sea snakes (Snake:3)
  3 spriggan druids
  13 deep trolls
  4 naga ritualists
  4 wizards
  5 bog bodies
  14 lindwurms
  5 harpies
  A phantasmal warrior (D:14)
  15 ironbound convokers
  7 spriggan simulacra
  2 necromancers
  33 mana vipers
  A deep elf pyromancer (D:14)
  10 orc knights
  A bunyip skeleton (Swamp:2)
  15 ugly things
  4 manticores
  8 orc sorcerers (Orc:2)
  9 salamanders
  5 will-o-the-wisps
  4 cyclopes
  A centaur zombie (D:11)
  5 vault sentinels
  4 elephants
  6 guardian serpents
  33 black mambas
  24 naga magi
  Joseph (D:9)
  An orange demon (D:10)
  An apocalypse crab (Gauntlet)
  A smoke demon (Orc:2)
  18 cane toads
  A molten gargoyle (Gauntlet)
  6 gargoyles
  2 efreet
  38 yaktaurs
  Psyche (D:9)
  11 komodo dragons
  A rime drake (Lair:3)
  A tengu conjurer (D:15)
  6 ice devils (IceCv)
  8 freezing wraiths
  2 anaconda simulacra (IceCv)
  A silent spectre (Vaults:2)
  3 trolls
  4 polar bears
  A wolf spider simulacrum (D:11)
  11 hornets
  13 tyrant leeches
  22 blink frogs
  Prince Ribbit (D:7)
  4 centaur simulacra
  A shadow (D:12)
  19 slime creatures
  4 spriggans
  2 vampires (D:12)
  3 wyverns
  2 dire elephant simulacra (IceCv)
  8 wraiths
  25 yaks
  6 minotaur simulacra (IceCv)
  4 basilisks
  14 vampire mosquitoes
  A steam dragon (D:8)
  22 humans (D:13)
  3 swamp worm simulacra (Swamp:4)
  A warg (shapeshifter) (D:13)
  43 nagas
  12 swamp worms
  A warg (D:15)
  2 acid dragons
  25 water moccasins
  13 hydra simulacra (Swamp:4)
  31 orc warriors
  A meliai simulacrum (D:14)
  2 sky beasts
  A swamp drake (Swamp:1)
  3 alligator simulacra (IceCv)
  3 black bears (D:5)
  2 hornet zombies (Swamp:2)
  6 ogres
  6 boggarts
  7 ice beasts
  8 wolves
  8 centaurs
  7 kobold brigands
  A necrophage (Swamp:3)
  18 bullfrogs
  2 gnoll sergeants
  4 scorpions
  12 deep troll simulacra (IceCv)
  14 wights
  5 killer bees (D:9)
  A lindwurm simulacrum (IceCv)
  7 electric eels
  6 howler monkeys
  29 orc priests
  5 hounds
  3 jellies
  A sleepcap (D:8)
  Terence (D:3)
  6 iguanas
  18 orc wizards
  5 hell rats (Lair:3)
  Natasha (thrice) (D:4)
  8 gnolls
  7 adders
  5 river rats
  A shadow imp (D:5)
  7 white imps
  An ufetubus (D:15)
  5 swamp drake simulacra (Swamp:4)
  3 worms
  4 dart slugs
  62 orcs
  10 ball pythons
  9 endoplasms
  A giant cockroach (D:1)
  10 goblins
  5 hobgoblins
  3 jackals (Sewer)
  4 quokkas
  6 bats
  3 frilled lizards
  42 kobolds
  7 rats
1282 creatures vanquished.

Vanquished Creatures (collateral kills)
  A hydra (D:14)
  2 naga sharpshooters (Snake:2)
  A deep troll (Vaults:1)
  2 bog bodies (Swamp:2)
  An elephant (Lair:5)
  2 blink frogs (Lair:2)
  A slime creature (D:7)
  A wyvern (Lair:2)
  A yak (Lair:1)
  An ice beast (D:8)
  A wight (D:7)
  An iguana (Lair:2)
15 creatures vanquished.

Vanquished Creatures (others)
  An eleionoma (Swamp:3)
  A naga sharpshooter (Snake:2)
  A wizard (Vaults:1)
  A tyrant leech (Swamp:3)
  A kobold (D:10)
  10 foxfires
15 creatures vanquished.

Grand Total: 1312 creatures vanquished

Notes
Turn   | Place    | Note
-------+----------+-------------------------------------------
     0 | D:1      | Mahakala the Minotaur Berserker began the quest for the
                  | Orb.
     0 | D:1      | Reached XP level 1. HP: 19/19 MP: 0/0
   148 | D:1      | Reached XP level 2. HP: 26/26 MP: 1/1
   769 | D:2      | Reached skill level 5 in Axes
   769 | D:2      | Reached XP level 3. HP: 31/31 MP: 2/2
   826 | D:2      | Reached ** piety under Trog
  1193 | D:2      | Reached XP level 4. HP: 30/40 MP: 3/3
  1280 | D:2      | Found the +4 robe of Augmentation {Str+4 Int+4 Dex+4}
  1493 | D:3      | Noticed a scorpion
  1498 | D:3      | Killed a scorpion
  1499 | D:3      | Reached XP level 5. HP: 46/46 MP: 4/4
  1618 | D:3      | Found a hide-covered altar of Uskayaw.
  1646 | D:3      | HP: 2/46 [orc priest/divine providence (16)]
  1652 | D:3      | Noticed Terence
  1829 | D:3      | Killed Terence
  1938 | D:3      | Found Wipiwelall's Magic Scroll Shop.
  1966 | D:3      | Bought a scroll of teleportation for 33 gold pieces
  2035 | D:3      | Found an ornate altar of the Wu Jian Council.
  2248 | D:3      | Reached XP level 6. HP: 44/55 MP: 5/5
  2260 | D:3      | Reached skill level 5 in Fighting
  2794 | D:4      | Reached skill level 1 in Shields
  3102 | D:4      | Noticed Natasha
  3114 | D:4      | Killed Natasha
  3211 | D:4      | Found a staircase to the Ecumenical Temple.
  3250 | D:4      | Reached skill level 2 in Shields
  3541 | D:4      | Noticed Natasha
  3548 | D:4      | Killed Natasha
  3773 | D:4      | Noticed Natasha
  3793 | D:4      | Killed Natasha
  3794 | D:4      | Reached skill level 3 in Shields
  3870 | D:5      | Entered Level 5 of the Dungeon
  3954 | D:5      | Reached XP level 7. HP: 61/61 MP: 6/6
  4070 | D:5      | Reached skill level 4 in Shields
  4179 | D:5      | Found a sacrificial altar of Ru.
  4229 | D:5      | Reached *** piety under Trog
  4311 | D:5      | Found a snail-covered altar of Cheibriados.
  4477 | D:5      | Reached skill level 10 in Axes
  4477 | D:5      | Reached XP level 8. HP: 62/68 MP: 7/7
  4729 | D:5      | Reached skill level 5 in Armour
  5141 | D:6      | Found a glowing drain.
  5141 | D:6      | Found the +2 ratskin cloak {*Rats rPois rN+ Str-1 Int-1
                  | Dex+1}
  5171 | Sewer    | Entered a sewer
  5608 | D:7      | Noticed a slime creature
  5608 | D:7      | Noticed a slime creature
  5608 | D:7      | Noticed a slime creature
  5618 | D:6      | Killed a slime creature
  5619 | D:6      | Reached skill level 1 in Throwing
  5901 | D:7      | Reached XP level 9. HP: 61/79 MP: 8/8
  6067 | D:7      | Reached **** piety under Trog
  6293 | D:7      | Reached skill level 5 in Throwing
  6520 | D:7      | Noticed Prince Ribbit
  6539 | D:7      | Killed Prince Ribbit
  6588 | D:7      | Found a sparkling altar of Nemelex Xobeh.
  6588 | D:7      | Found a transporter.
  6589 | D:7      | Noticed a komodo dragon
  6677 | D:8      | Found a staircase to the Lair.
  6740 | D:8      | Found Ysaegagh's Book Boutique.
  6810 | D:8      | Reached XP level 10. HP: 84/90 MP: 9/9
  6988 | D:8      | Noticed a gargoyle
  6995 | D:8      | Killed a gargoyle
  7069 | D:8      | Found an iron altar of Okawaru.
  7363 | Lair:1   | Entered Level 1 of the Lair of Beasts
  7544 | Lair:1   | Found a shadowy altar of Dithmenos.
  7930 | Lair:1   | Reached skill level 15 in Axes
  7957 | Lair:1   | Noticed a cane toad
  7973 | Lair:1   | Killed a cane toad
  8051 | Lair:1   | Noticed a skyshark
  8067 | Lair:1   | Reached XP level 11. HP: 50/97 MP: 10/10
  8072 | Lair:1   | Killed a skyshark
  9095 | Lair:2   | Noticed an eight-headed hydra
  9105 | Lair:2   | Killed an 11-headed hydra
  9273 | Lair:2   | Noticed a four-headed hydra
  9274 | Lair:2   | Found a staircase to the Swamp.
  9295 | Lair:2   | Killed a 12-headed hydra
  9296 | Lair:2   | Reached skill level 10 in Fighting
  9394 | Lair:2   | Noticed Urug
  9596 | Lair:2   | Noticed a lindwurm
  9636 | Lair:2   | Killed a lindwurm
  9901 | Lair:2   | Killed Urug
 10128 | Lair:2   | Reached skill level 10 in Armour
 10413 | Lair:2   | Noticed a fire crab
 10442 | Lair:2   | Killed a fire crab
 10618 | Lair:2   | Reached XP level 12. HP: 99/110 MP: 11/11
 10923 | Lair:2   | Found the +8 whip "Snakebite" {venom, curare, rPois}
 11153 | Lair:2   | Found a staircase to the Snake Pit.
 11618 | Lair:3   | Noticed a six-headed hydra
 11640 | Lair:3   | Killed a 14-headed hydra
 11914 | Lair:3   | Noticed an eight-headed hydra
 11924 | Lair:3   | Killed a ten-headed hydra
 11925 | Lair:3   | Reached skill level 5 in Dodging
 13108 | Lair:4   | Identified a scroll of acquirement
 13116 | Lair:4   | Acquired the +8 mithril axe "Arga" {speed, Will+}
 13116 | Lair:4   | Found the +8 mithril axe "Arga" {speed, Will+}
 13685 | Lair:4   | Reached skill level 5 in Shields
 13809 | Lair:4   | Found a staircase to the Slime Pits.
 13811 | Lair:4   | Found a viscous altar of Jiyva.
 14129 | Lair:5   | Entered Level 5 of the Lair of Beasts
 14129 | Lair:5   | Noticed a death yak
 14141 | Lair:4   | Killed a death yak
 14224 | Lair:5   | Noticed a five-headed hydra
 14236 | Lair:4   | Killed an eight-headed hydra
 14398 | Lair:5   | Reached skill level 6 in Shields
 14398 | Lair:5   | Reached XP level 13. HP: 122/122 MP: 12/12
 14585 | Lair:5   | Reached skill level 7 in Shields
 14886 | Lair:5   | Reached skill level 8 in Shields
 15214 | Lair:5   | Reached skill level 9 in Shields
 15447 | Lair:5   | Found a hazy altar of Hepliaklqana.
 16072 | D:9      | Reached skill level 1 in Evocations
 16124 | D:9      | Noticed Joseph
 16131 | D:9      | Killed Joseph
 16131 | D:9      | Reached ***** piety under Trog
 16140 | D:9      | Found a glowing golden altar of the Shining One.
 16161 | D:9      | Noticed Psyche
 16177 | D:9      | Killed Psyche
 16397 | D:9      | Found a staircase to the Orcish Mines.
 16579 | D:9      | Reached skill level 10 in Shields
 17012 | D:10     | Entered Level 10 of the Dungeon
 17103 | D:10     | Found a shimmering blue altar of Sif Muna.
 17241 | D:10     | Noticed Amaemon
 17256 | D:10     | Killed Amaemon
 17473 | D:10     | Found a radiant altar of Vehumet.
 17507 | D:10     | You fall into a shaft and drop 1 floor!
 17585 | D:11     | Reached XP level 14. HP: 105/132 MP: 13/13
 17605 | D:11     | Found a runed translucent gate.
 17605 | D:11     | Found a runed translucent gate.
 17605 | D:11     | Found a runed translucent gate.
 17653 | D:11     | Noticed Shadowmage952's ghost (journeyman AtRe)
 18180 | D:11     | Identified the +1 robe "Baxuzag" {rCorr Int+5}
 18204 | D:11     | Found the +7 Spriggan's Knife {stab, EV+4 Stlth+}
 18338 | D:12     | Noticed Josephine
 18349 | D:12     | Killed Josephine
 18352 | D:12     | Reached skill level 11 in Shields
 18451 | D:12     | Found the +6 shillelagh "Devastator" {shatter}
 18467 | D:12     | Identified the +7 broad axe of Pantheism {flame, rElec rC+}
                  | (Trog gifted it to you on level 12 of the Dungeon)
 18467 | D:12     | Received a gift from Trog
 18482 | D:12     | Reached skill level 12 in Shields
 19379 | D:13     | Reached skill level 5 in Evocations
 19384 | D:13     | Reached skill level 13 in Shields
 19397 | D:13     | Found a gate to the Vaults.
 20059 | D:14     | Found a gate leading to a gauntlet.
 20061 | D:14     | Noticed Jorgrun
 20073 | D:14     | Killed Jorgrun
 20073 | D:14     | Received a gift from Trog
 20079 | Gauntlet | Entered a Gauntlet
 20079 | Gauntlet | Found a transporter.
 20079 | Gauntlet | Found a transporter.
 20084 | Gauntlet | Found a transporter.
 20099 | Gauntlet | Found a transporter.
 20121 | Gauntlet | Found a transporter.
 20130 | Gauntlet | Found a transporter.
 20212 | Gauntlet | Found a transporter.
 20226 | Gauntlet | Found a transporter.
 20231 | Gauntlet | Noticed a quicksilver ooze
 20240 | Gauntlet | Found a transporter.
 20254 | Gauntlet | Found a transporter.
 20270 | Gauntlet | Found a transporter.
 20339 | Gauntlet | Found a transporter.
 20341 | Gauntlet | Found a transporter.
 20354 | Gauntlet | Found a transporter.
 20364 | Gauntlet | Found a transporter.
 20367 | Gauntlet | Found a transporter.
 20514 | Gauntlet | Identified the ring of Intercession {rPois Will+ Str-2
                  | Slay+3}
 20545 | Gauntlet | Identified the +2 helmet of a Labyrinth {rCorr Int+2}
 21154 | D:14     | Reached XP level 15. HP: 126/138 MP: 14/14
 21616 | D:15     | Entered Level 15 of the Dungeon
 21666 | D:15     | Reached skill level 14 in Shields
 21742 | D:15     | Found a frozen archway.
 21755 | IceCv    | Entered an ice cave
 22143 | IceCv    | Found the +3 pair of gauntlets of War {Slay+5}
 22169 | IceCv    | Received a gift from Trog
 22661 | IceCv    | Reached skill level 15 in Shields
 22677 | IceCv    | Reached skill level 15 in Fighting
 22908 | D:15     | Acquired 876 gold pieces
 22962 | D:15     | Found a shadowy altar of Dithmenos.
 23025 | D:15     | Found Hooh's Jewellery Shop.
 23239 | D:15     | Found a blossoming altar of Fedhas.
 23748 | D:15     | Found a staircase to the Depths.
 23757 | D:15     | Received a gift from Trog
 24107 | Orc:1    | Entered Level 1 of the Orcish Mines
 24446 | Orc:1    | Found a runed translucent gate.
 24446 | Orc:1    | Found a runed translucent gate.
 24446 | Orc:1    | Found a runed translucent gate.
 24447 | Orc:1    | Noticed monsoonserge's ghost (journeyman MeFi)
 24447 | Orc:1    | Noticed Whoops's ghost (novice DsFi)
 24447 | Orc:1    | Noticed Palms's ghost (journeyman TrFi)
 24894 | Orc:2    | Entered Level 2 of the Orcish Mines
 25006 | Orc:2    | Found a staircase to the Elven Halls.
 25042 | Orc:2    | Reached skill level 16 in Shields
 25536 | Orc:2    | Found Buodomp's CLEARANCE SALE!.
 25668 | Orc:2    | Found Nion's General Store.
 25867 | Orc:2    | Found Mal Daj's Magic Scroll Shoppe.
 26437 | Orc:2    | Reached ****** piety under Trog
 26525 | Orc:2    | Reached XP level 16. HP: 133/151 MP: 15/15
 26543 | Orc:2    | Received a gift from Trog
 26559 | Orc:2    | Reached skill level 17 in Shields
 26630 | Orc:2    | Found Xuepuh's Antique Weapon Boutique.
 26630 | Orc:2    | Found a one-way gate leading to the halls of Pandemonium.
 26630 | Orc:2    | Found Tomisiar's Book Shop.
 26637 | Orc:2    | Bought a manual of Shields for 1120 gold pieces
 26903 | Snake:1  | Entered Level 1 of the Snake Pit
 27062 | Snake:1  | Reached skill level 18 in Shields
 28285 | Snake:2  | Noticed Vashnia
 28311 | Snake:2  | Killed Vashnia
 28611 | Snake:2  | Reached skill level 19 in Shields
 28865 | D:11     | Killed Shadowmage952's ghost
 30141 | Snake:2  | Reached skill level 20 in Shields
 30783 | Snake:3  | Noticed Mara
 30795 | Snake:3  | Noticed Mahakala's illusion
 30800 | Snake:3  | Killed Mara
 30905 | Snake:3  | Reached XP level 17. HP: 161/161 MP: 16/16
 31023 | Snake:3  | Reached skill level 21 in Shields
 31121 | Snake:3  | Found Featui's Distillery.
 31131 | Snake:3  | Bought a potion of haste for 150 gold pieces
 31131 | Snake:3  | Bought a potion of might for 60 gold pieces
 31436 | Snake:4  | Entered Level 4 of the Snake Pit
 31585 | Snake:4  | Identified the +8 lajatang of the Vaults {antimagic, rElec
                  | rC+ Will- Str+3 Dex+2} (Trog gifted it to you on level 4 of
                  | the Snake Pit)
 31585 | Snake:4  | Received a gift from Trog
 31598 | Snake:4  | Reached skill level 15 in Armour
 31598 | Snake:4  | Found a shimmering altar of Xom.
 31855 | Snake:4  | Reached skill level 22 in Shields
 32168 | Snake:3  | Reached skill level 10 in Evocations
 32241 | Snake:4  | Identified the +2 mace of Nixiblid {elec, Fly rElec Int+2}
 32413 | Snake:4  | Received a gift from Trog
 32794 | Snake:4  | Got a serpentine rune of Zot
 33423 | Swamp:1  | Entered Level 1 of the Swamp
 33444 | Swamp:1  | Received a gift from Trog
 33478 | Swamp:1  | Reached XP level 18. HP: 163/169 MP: 17/17
 34379 | Swamp:2  | Reached skill level 23 in Shields
 34810 | Swamp:2  | Found an ancient bone altar of Kikubaaqudgha.
 34881 | Swamp:3  | Reached skill level 24 in Shields
 34936 | Swamp:3  | Noticed Louise
 34947 | Swamp:3  | Killed Louise
 34947 | Swamp:3  | Received a gift from Trog
 35163 | Swamp:3  | Reached skill level 25 in Shields
 35703 | Swamp:4  | Entered Level 4 of the Swamp
 36010 | Swamp:4  | Reached skill level 10 in Throwing
 36234 | Swamp:4  | Received a gift from Trog
 36307 | Swamp:4  | Got a decaying rune of Zot
 36788 | Vaults:1 | Entered Level 1 of the Vaults
 37128 | Vaults:1 | Reached XP level 19. HP: 173/179 MP: 18/18
 37714 | Vaults:1 | Noticed Zenata
 37733 | Vaults:1 | Identified the +8 long sword of the Writhing Butterfly
                  | {flame, rC+}
 37782 | Vaults:1 | Killed Zenata
 38085 | Vaults:1 | Identified the +8 hand axe of the Harvest {flame, Dex+3}
                  | (Trog gifted it to you on level 1 of the Vaults)
 38085 | Vaults:1 | Received a gift from Trog
 38363 | Vaults:1 | Acquired 985 gold pieces
 38741 | Vaults:2 | Found a transporter.
 38791 | Vaults:2 | Found a bloodstained altar of Trog.
 38791 | Vaults:2 | Found the necklace of Bloodlust {Fury *Rage Will++ Int-3
                  | Slay+6}
 38907 | Vaults:2 | Received a gift from Trog
 39218 | Vaults:2 | Found Enewk's Armour Shoppe.
 39349 | Vaults:2 | Reached skill level 15 in Throwing
 39354 | Vaults:2 | Reached XP level 20. HP: 27/191 MP: 19/19
 39607 | Vaults:2 | Received a gift from Trog
 39670 | Vaults:2 | Found a transporter.
 39670 | Vaults:2 | Found a runed translucent door.
 39720 | Vaults:2 | Mangled by a cyclops

Illustrated notes

Levels and vault maps discovered:
D:1:      dpeg_arrival_tiny_i, layout_loops_ring, chequers_garden,
          minmay_misc_feat_doors
D:2:      layout_basic, ebering_dispersal_statue_hall, glass_columns_c,
          hangedman_decor_push
D:3:      layout_basic, mainiacjoe_overflow_boulevard,
          mainiacjoe_overflow_paths, serial_aquarium, aquarium_bridge_square
          [aquarium_subvault_balcony, aquarium_subvault_window,
          aquarium_subvault_bridge, aquarium_subvault_wall], aquarium_window_1,
          aquarium_window_1, aquarium_view_2a, aquarium_view_2d,
          aquarium_balcony_1b, aquarium_pool_2, serial_shops, shop,
          minmay_strange_pillars, uniq_terence
D:4:      layout_gridville, minmay_temple_entry_overgrown, uniq_natasha
D:5:      layout_loops_ring, lemuel_crystal_altar, lemuel_tele_altar,
          kennysheep_minor_cross
D:6:      layout_loops_ring, portal_sewer_entry_b
D:7:      wander_river, layout_rooms, grunt_nemelex_the_gamble, hex_tiny,
          uniq_prince_ribbit1
D:8:      layout_basic, marbit_many_paths, lair_entry_dummy, serial_shops, shop,
          kennysheep_potato
D:9:      layout_gridville, tso_oasis_becter, erik_orc_2,
          chequers_serial_rivers_small_3, uniq_psyche, uniq_joseph
D:10:     layout_irregular_city, mainiacjoe_overflow_tiny_flanked,
          nicolae_vehumet_altar_sigil, uniq_amaemon
D:11:     layout_roguey, gammafunk_ghost_necromancy,
          chequers_serial_rivers_room_a, minivault_10
D:12:     minmay_roctagon, layout_irregular_city, small_statue_intersection,
          uniq_josephine
D:13:     layout_roguey, grunt_vaults_entry_tiered, minmay_misc_feat_ornament,
          st_stairs_12
D:14:     layout_loops_ring, gauntlet_entry_generic, uniq_jorgrun
D:15:     hangedman_depths_entry_try_elsewhere_first, layout_basic, serial_ice,
          serial_ice_e, serial_ice_i, serial_ice_n, serial_ice_o, serial_ice_b,
          serial_ice_h, serial_ice_m, serial_ice_a,
          portal_ice_cave_entry_pillars_three,
          nicolae_dithmenos_through_a_glass_darkly, serial_shops,
          nicolae_shop_trees, grunt_ministairs_6, minmay_misc_feat_tower,
          fedhas_altar_3
Lair:1:   layout_cave_pods, basic_altar
Lair:2:   minmay_guarded_unrand_snakebite, layout_chaotic_city,
          minmay_swamp_entry_reptiles, minmay_snake_entry_guardpost_small,
          nicolae_volcano_entry_vermiform, uniq_urug
Lair:3:   layout_roguey, chequers_serial_rivers_micro_c,
          chequers_serial_rivers_room_a, kennysheep_abandoned_house,
          grunt_megastairs_1, infiniplex_staircase_pool, serial_bayou_shore_a
Lair:4:   layout_regular_city, nicolae_slime_entry_slimehenge
Lair:5:   minmay_lair_end_frog_pond, layout_cave_pods, basic_altar,
          grunt_megastairs_5, serial_bayou_shore_b
Swamp:1:  layout_basic_swamp, evilmike_swamp_ruin_rubble_2
Swamp:2:  layout_basic_swamp, hangedman_swamp_diagram, beargit_kiku_chapel
Swamp:3:  layout_basic_swamp, evilmike_swamp_ruin_house_3,
          grunt_lady_of_the_lake, infiniplex_staircase_pool_2, uniq_louise
Swamp:4:  swamp_icy, layout_basic_swamp, swamp_pool1
Snake:1:  layout_onion_interference
Snake:2:  layout_chambers, nicolae_snake_slithery_corners,
          nicolae_snake_mages_go_home, uniq_vashnia
Snake:3:  nicolae_snake_attic_fulla_snakes, layout_cave_town, serial_shops,
          shop, uniq_mara
Snake:4:  snake_pit, layout_cave_town, basic_altar, nicolae_snake_double_loop,
          grunt_megastairs_3
Orc:1:    layout_caves, gammafunk_ghost_cemetery, nicolae_orc_crystal_geode
Orc:2:    pf_orc_diabolical, layout_diamond_mine, nicolae_shop_clearance
Vaults:1: nicolae_vaults_surprise_closet, nicolae_vaults_offset_grid_hallway_4,
          vaults_dpeg_cross, vaults_room_door_ring, nicolae_vaults_spaceships,
          nicolae_vaults_house_1, v_misc_29, ontoclasm_vaults_ring_square,
          nicolae_vaults_doubleplus_tesselated, st_smaller_cells, v_misc_27,
          nicolae_vaults_more_shelving_1, nicolae_vaults_tetromino_T_2,
          layout_vaults_ring, uniq_zenata
Vaults:2: nicolae_vaults_ring_of_whatevers, nicolae_vaults_twisting_passages,
          v_misc_29, nicolae_vaults_six-pack, emtedronai_trogs_sanctum,
          ontoclasm_vaults_ligature, nicolae_vaults_what_the_h,
          vaults_room_corners, nicolae_vaults_yaktaur_gun_rack, serial_ice_h,
          layout_vaults_maze_bifur, serial_shops, nicolae_shop_hallway_stairs

Skill      XL: |  1  2  3  4  5  6  7  8  9 10 11 12 13 14 15 16 17 18 19 |
---------------+----------------------------------------------------------+-----
Axes           | 4 5 6 7 10 12 15 16 18 | 18.0
Fighting       | 4 5 7 8 9 11 13 14 15 17 19 | 19.6
Armour         | 3 4 6 7 8 10 12 14 15 | 15.0
Shields        | 3 4 6 10 13 16 20 22 25 | 25.4
Throwing       | 3 5 7 9 11 15 | 15.2
Dodging        | 6 |  6.0
Evocations     | 2 8 12 13 | 13.0

Action                     |  1- 3 |  4- 6 |  7- 9 | 10-12 | 13-15 | 16-18 | 19-21 || total
---------------------------+-------+-------+-------+-------+-------+-------+-------++-------
  Melee: Hand axe          |    82 |    71 |       |       |       |       |       ||   153
         Headbutt          |    10 |    27 |    44 |   108 |   241 |   299 |   142 ||   871
         Punch             |     1 |       |       |       |       |       |       ||     1
         War axe           |       |    42 |   244 |   435 |       |       |       ||   721
         Broad axe         |       |       |       |    66 |  1048 |  1197 |   450 ||  2761
  Throw: Javelin           |       |       |       |     9 |     5 |     4 |    16 ||    34
         Dart              |       |       |       |       |    11 |     3 |       ||    14
 Invoke: Berserk           |     1 |     6 |     4 |    13 |    14 |     6 |     5 ||    49
         Trog's Hand       |       |     1 |       |     2 |       |     3 |     2 ||     8
         Brothers in Arms  |       |       |       |     3 |     1 |     1 |     1 ||     6
  Evoke: Wand              |       |       |     4 |     3 |    16 |       |       ||    23
    Use: Scroll            |     3 |       |    12 |     7 |     8 |       |     1 ||    31
         Potion            |       |       |       |     1 |       |       |     2 ||     3
   Stab: Distracted        |       |       |       |       |       |     1 |       ||     1
 Armour: Animal skin       |     4 |       |       |       |       |       |       ||     4
         Chain mail        |    24 |    51 |   124 |   125 |       |       |       ||   324
         Plate armour      |       |       |       |   127 |   219 |   241 |    85 ||   672
  Dodge: Dodged            |    32 |    38 |    89 |   182 |   269 |   196 |    97 ||   903
  Block: Buckler           |       |    12 |    55 |    84 |   317 |    86 |       ||   554
         Reflection        |       |       |       |       |    29 |   128 |    61 ||   218
         Tower shield      |       |       |       |       |       |   759 |   332 ||  1091
